 Dungeon Crawl Stone Soup version 0.30.1 (webtiles) character file.

Game seed: 12581250335401624050

35 oldmanjim the Shooter (level 3, 0/29 HPs)
             Began as a Barachi Hunter on July 4, 2023.
             Slain by an adder (2 damage)
             ... on level 2 of the Dungeon.
             The game lasted 00:02:02 (958 turns).

oldmanjim the Shooter (Barachi Hunter)               Turns: 958, Time: 00:02:03

Health: 0/29       AC:  3    Str: 12    XL:     3   Next: 35%
Magic:  3/3        EV: 12    Int:  9    God:
Gold:   78         SH:  0    Dex: 17    Spells: 2/2 levels left

rFire   . . .        a - +0 shortbow (flame)
rCold   . . .        (shield currently unavailable)
rNeg    . . .        c - +0 leather armour
rPois   .            (no helmet)
rElec   .            (no cloak)
rCorr   .            (no gloves)
SInv    .            (no boots)
Will    .....        (no amulet)
Stlth   ++           (no ring)
HPRegen 0.24/turn    (no ring)
MPRegen 0.08/turn

%: no passive effects
@: slow
A: amphibious, slowness 1, strong legs 1, +LOS
a: Hop


You were on level 2 of the Dungeon.
You visited 1 branch of the dungeon, and saw 2 of its levels.

You collected 78 gold pieces.

Inventory:

Hand Weapons
 a - a +0 shortbow of flaming (weapon)
Missiles
 f - 16 stones
Armour
 c - a +0 leather armour (worn)
Scrolls
 b - a scroll of immolation
 d - a scroll of fear {unknown}
 i - a scroll of silence {unknown}
 j - a scroll of identify
 k - a scroll of magic mapping {unknown}
 l - a scroll of poison {unknown}
Potions
 g - a potion of ambrosia
 h - a potion of heal wounds {unknown}


   Skills:
 + Level 3.5 Fighting
 + Level 4.5 Ranged Weapons
 - Level 2.1 Dodging
 - Level 0.8 Stealth


You had 2 spell levels left.
You didn't know any spells.
Your spell library was empty.

Dungeon Overview and Level Annotations

Branches:
Dungeon (2/15)

Altars:

Annotations:
D:2 Jessica


Innate Abilities, Weirdness & Mutations

You are amphibious.
You cover ground slowly.
You can hop short distances.
You have an extended range of vision and can be seen from far away.


Message History

The adder hisses angrily.
The arrow hits the adder but does no damage.
The adder misses you.
Jessica points at you and mumbles some strange words.
Pain shoots through your body!
There are monsters nearby!
You shoot an arrow. The arrow hits the adder!
The adder is almost dead.
The adder bites you.
You are poisoned.
The adder poisons you! The adder barely misses you.
Jessica hits you with a +0 club.
You shoot an arrow. The arrow misses the adder.
You feel sick. Jessica hits you with a +0 club. The adder bites you.
Jessica hits you with a +0 club.
* * * LOW HITPOINT WARNING * * *
There are monsters nearby!
You are too injured to fight recklessly!
There are monsters nearby!
You are too injured to fight recklessly!
You are too injured to fight recklessly!
Unknown command.
You are too injured to fight recklessly!
You are too injured to fight recklessly!
Unknown command.
As you read the scroll labelled ASKICERAM, it crumbles to dust.
It is a scroll of identify.
g - a potion of ambrosia You feel sick.
The adder bites you but does no damage. Jessica hits you with a +0 club.
* * * LOW HITPOINT WARNING * * *
The adder closely misses you.
As you read the scroll labelled BELUDE MULA, it crumbles to dust.
It is a scroll of brand weapon.
Your +0 shortbow is engulfed in flames!
a - a +0 shortbow of flaming (weapon)
You feel sick.
You are no longer poisoned.
Jessica closely misses you. The adder bites you.
You die...

# # #. ## #. .## #. #.###
#.##### ##..##
######.....
##..####.........
##..............S#
#..<†..##.## #@# ####
.##.##.##.######@##......
###.##.##.##.............
....##.##.##.###.##.#####
#...##.##.#...##.# #
#........).......#
#...#######...##.# ##.##
##.###.# ##.# #.# #.#


You could see an adder and Jessica (fast).

Vanquished Creatures
  An adder (D:2)
  A dart slug (D:1)
  5 endoplasms (D:1)
  A giant cockroach (D:1)
  2 goblins (D:1)
  2 hobgoblins (D:1)
  4 ball pythons (D:1)
  A bat (D:1)
  2 kobolds (D:1)
  5 rats
24 creatures vanquished.

Notes
Turn   | Place    | Note
-------+----------+-------------------------------------------
     0 | D:1      | oldmanjim the Barachi Hunter began the quest for the Orb.
     0 | D:1      | Reached XP level 1. HP: 17/17 MP: 1/1
   172 | D:1      | Reached XP level 2. HP: 23/23 MP: 2/2
   822 | D:1      | Reached XP level 3. HP: 29/29 MP: 3/3
   947 | D:2      | Noticed Jessica
   958 | D:2      | Slain by an adder

Illustrated notes

Levels and vault maps discovered:
D:1:      tarquinn_simple_flora_water_d, layout_basic
D:2:      layout_loops_ring, basic_ecumenical_altar, uniq_jessica, uniq_terence

Skill      XL: |  1  2 |
---------------+-------+-----
Fighting       | 3 |  3.5
Ranged Weapons | |  4.5
Dodging        | |  2.1
Stealth        | |  0.8

Action                     || total
---------------------------++-------
   Fire: Shortbow          ||    50
    Use: Scroll            ||     2
 Armour: Leather armour    ||     2
  Dodge: Dodged            ||     4
